[Event "EIWCC 2017"]
[Site "Riga"]
[Date "2017.04.13"]
[Round "3"]
[White "De Seroux, Camille"]
[Black "Unuk, Laura"]
[Result "0-1"]
[ECO "C44"]
[WhiteElo "2122"]
[BlackElo "2275"]
[Annotator "NA"]
[PlyCount "92"]
[EventDate "2017.??.??"]
[EventType "swiss"]
[EventCountry "LAT"]
[SourceTitle "playchess.com"]
[Source "ChessBase"]
[SourceQuality "1"]
[TimeControl "40/5400+30:1800+30"]

1. e4 e5 2. Nf3 Nc6 3. d4 exd4 4. Nxd4 Nf6 5. Nc3 Bb4 6. Nxc6 bxc6 7. Bd3 O-O 8. O-O d5 9. exd5 cxd5 10. Bg5 c6 11. Qf3 h6 12. Bxf6 Qxf6 13. Qxf6 gxf6 14. Ne2 Re8 15. Ng3 Rb8 16. Nh5 Be7 $11 17. Rfe1 Kf8 18. b3 Bg4 19. Ng3 Bb4 20. Rxe8+ Rxe8 21. h3 Bc3 22. Rb1 Be6 23. Rd1 a5 24. Nf5 c5 25. Nxh6 c4 26. Bf5 cxb3 27. axb3 Kg7 28. Bxe6 fxe6 29. Ng4 f5 30. Nh2 Rc8 31. Nf3 Kf6 32. Kf1 Bb4 33. Rc1 e5 34. Ke2 e4 35. Nd4 Bc3 36. Rd1 Bxd4 37. Rxd4 Rxc2+ 38. Ke1 Ke5 39. Ra4 f4 40. Rxa5 e3 41. fxe3 fxe3 42. b4 Ke4 43. b5 d4 44. Ra4 Rxg2 45. b6 Kf3 46. Kd1 e2+ 0-1

[Event "EIWCC 2017"]
[Site "Riga"]
[Date "2017.04.13"]
[Round "3"]
[White "Olde, Margareth"]
[Black "Bulmaga, Irina"]
[Result "0-1"]
[ECO "E68"]
[WhiteElo "2110"]
[BlackElo "2394"]
[Annotator "NA"]
[PlyCount "130"]
[EventDate "2017.??.??"]
[EventType "swiss"]
[EventCountry "LAT"]
[SourceTitle "playchess.com"]
[Source "ChessBase"]
[SourceQuality "1"]
[TimeControl "40/5400+30:1800+30"]

1. d4 Nf6 2. c4 g6 3. Nf3 Bg7 4. g3 d6 5. Bg2 O-O 6. O-O Nbd7 7. Nc3 e5 8. e4 exd4 9. Nxd4 Re8 10. Re1 Nc5 11. h3 Bd7 12. b3 a5 13. Rb1 h6 14. Kh2 {[%emt 0:04:54] E68: King's Indian: Fianchetto: 6...Nbd7 7 0-0 e5 8 e4} h5 15. Ba3 $146 (15. f3 h4 16. g4 a4 17. b4 Ne6 18. Be3 Nxd4 19. Bxd4 Be6 20. Nd5 b5 21. Bxf6 Bxf6 22. cxb5 Bxd5 23. Qxd5 {0-1 (66) Georgiev,K (2624)-Ganguly,S (2660) Tallinn 2016}) 15... h4 16. Qd2 Nh5 17. Nde2 hxg3+ 18. fxg3 Bc6 19. Bxc5 dxc5 20. Nd5 Qd6 21. Bf3 Nf6 22. Nec3 Nd7 23. Rbd1 Be5 24. Qg2 Qf8 (24... a4 $17) 25. Bg4 Qg7 26. Nb5 Bxb5 27. cxb5 Nf8 28. b6 cxb6 29. Nxb6 Rad8 30. Nd7 Bc3 31. Rf1 Nxd7 32. Bxd7 Re7 33. Bb5 Rd4 34. Bc4 a4 35. Bd5 Rxd1 36. Rxd1 a3 37. Qe2 Bb4 38. Rf1 Qb2 39. Rf2 Qxe2 40. Rxe2 Bc3 41. Kg2 Kg7 42. Kf3 b5 43. Rc2 b4 44. g4 Rc7 45. Bc4 Rd7 46. Bd5 c4 47. Ke2 cxb3 48. Bxb3 Kf6 49. Rc1 Rd2+ 50. Ke3 Rb2 51. Rc2 Rb1 52. Bc4 Ke5 53. Bxf7 Rh1 54. Kd3 Rxh3+ 55. Kc4 g5 56. Rf2 Kxe4 57. Bd5+ Ke3 58. Rf5 Ke2 59. Be6 Re3 60. Bc8 Bd2 61. Bd7 b3 62. axb3 a2 63. Bb5 a1=Q 64. Kc5+ Kd1 65. Rf1+ Be1 0-1

[Event "EIWCC 2017"]
[Site "Riga"]
[Date "2017.04.13"]
[Round "3"]
[White "Vidruska, Renate"]
[Black "Vega Gutierrez, Sabrina"]
[Result "0-1"]
[ECO "B80"]
[WhiteElo "2093"]
[BlackElo "2413"]
[Annotator "ChessBase"]
[PlyCount "86"]
[EventDate "2017.??.??"]
[EventType "swiss"]
[EventCountry "LAT"]
[SourceTitle "playchess.com"]
[Source "ChessBase"]
[SourceQuality "1"]
[TimeControl "40/5400+30:1800+30"]

1. e4 c5 2. Nf3 e6 3. d4 cxd4 4. Nxd4 Nf6 5. Nc3 d6 6. g3 Bd7 7. Bg2 Nc6 8. O-O Nxd4 9. Qxd4 Qc7 10. Bg5 Be7 11. Rad1 Bc6 12. Rfe1 O-O 13. Bxf6 Bxf6 14. Qxd6 Qa5 15. Qd2 Rfd8 16. Qe3 Bxc3 17. Qxc3 Qxc3 18. bxc3 Kf8 19. e5 Bxg2 20. Kxg2 Rac8 21. Rxd8+ Rxd8 22. Kf3 Rd5 23. Re4 Rc5 24. Ke2 Rxc3 25. Kd2 Rf3 26. Ke2 Ra3 27. Rc4 g5 28. h4 gxh4 29. Rxh4 Rxa2 30. Kd2 Ra5 31. Re4 h5 32. Kc3 Kg7 33. Kb4 b6 34. c4 Ra2 35. f4 Rb2+ 36. Ka4 a5 37. c5 bxc5 38. Kxa5 Rb3 39. Rc4 Kg6 40. Rxc5 Rxg3 41. Rc8 Rf3 42. Rg8+ Kh7 43. Rg5 Kh6 0-1

[Event "EIWCC 2017"]
[Site "Riga"]
[Date "2017.04.13"]
[Round "3"]
[White "Makka, Ioulia"]
[Black "Golubenko, Valentina"]
[Result "1/2-1/2"]
[ECO "C11"]
[WhiteElo "2069"]
[BlackElo "2271"]
[Annotator "NA"]
[PlyCount "180"]
[EventDate "2017.??.??"]
[EventType "swiss"]
[EventCountry "LAT"]
[SourceTitle "playchess.com"]
[Source "ChessBase"]
[SourceQuality "1"]
[TimeControl "40/5400+30:1800+30"]

1. e4 e6 2. d4 d5 3. Nc3 Nf6 4. e5 Nfd7 5. f4 c5 6. Nf3 Nc6 7. Be3 a6 8. Qd2 b5 9. Nd1 {[%emt 0:00:11] C11: French: Classical System: 4 e5 and 4 Bg5 dxe4} cxd4 (9... Qb6 10. c3 cxd4 11. cxd4 Bb4 12. Nc3 Na5 13. Bd3 Nc4 14. Bxc4 bxc4 15. O-O f5 16. b3 Qc6 17. a3 Ba5 18. b4 Bd8 19. Bf2 Nf8 20. Bh4 Bb6 21. a4 {½-½ (21) Predojevic,B (2640)-Buhmann,R (2633) Germany 2017}) 10. Nxd4 Nxd4 11. Bxd4 Bb7 12. Nf2 $146 (12. a4 bxa4 13. Bd3 Nc5 14. O-O Nxd3 15. cxd3 Be7 16. f5 exf5 {1-0 (32) Ubiennykh,E (2360)-Dibrov,I (2298) Novokuznetsk 2013}) 12... Be7 13. Be2 O-O 14. Bg4 Bc5 15. c3 Qe7 16. O-O a5 17. Rae1 g6 18. Nd3 Bxd4+ 19. cxd4 Rfc8 20. Re3 Rc4 21. Ne1 Qb4 22. Rd3 Qxd2 23. Rxd2 Rac8 24. Be2 Rc1 25. Bxb5 Nb6 26. b3 Bc6 27. Be2 Bd7 28. Nd3 R8c2 29. Nxc1 Rxd2 30. Rd1 Rb2 31. Kf1 Nc8 32. Ke1 a4 33. Rd2 a3 34. Nd3 Rb1+ 35. Rd1 Rxd1+ 36. Kxd1 Na7 37. Nb4 Bb5 38. Bxb5 Nxb5 39. Nc2 Kg7 40. Kd2 g5 41. fxg5 Kg6 42. Kd3 Kxg5 43. b4 f6 44. exf6 Kxf6 45. Ne3 Ke7 46. Ng4 Kf7 47. Ne5+ Kf6 48. Nd7+ Ke7 49. Nb6 Kd6 50. Na4 Kc6 51. Nc3 Nd6 52. g4 Nc4 53. g5 e5 54. b5+ Kd6 55. dxe5+ Nxe5+ 56. Ke2 Kc5 57. b6 Kc4 58. b7 Nc6 59. Nb1 Kc5 60. Nxa3 Kb6 61. h4 Kxb7 62. Nc2 Ne7 63. Nd4 Ng6 64. Nf3 Kc6 65. Ke3 Kc5 66. h5 Ne7 67. Kd3 Nf5 68. Ne5 Ng7 69. Nd7+ Kd6 70. Nf6 Ne6 71. Nxh7 Nf4+ 72. Kd4 Nxh5 73. a4 Ng7 74. g6 Ne6+ 75. Kc3 Kc5 76. Nf6 d4+ 77. Kb3 Kd6 78. Nh5 Ke7 79. g7 Kf7 80. a5 d3 81. Kc3 Nc5 82. Kb2 Na4+ 83. Kb3 d2 84. Kc2 Nb2 85. Kxd2 Nc4+ 86. Kd3 Nxa5 87. Ke4 Nc6 88. Kf5 Nd4+ 89. Kg5 Ne6+ 90. Kf5 Nxg7+ 1/2-1/2

[Event "EIWCC 2017"]
[Site "Riga"]
[Date "2017.04.13"]
[Round "3"]
[White "Sinitsina, Anastassia"]
[Black "Komiagina, Maria"]
[Result "0-1"]
[ECO "B48"]
[WhiteElo "2052"]
[BlackElo "2247"]
[Annotator "NA RC"]
[PlyCount "60"]
[EventDate "2017.??.??"]
[EventType "swiss"]
[EventCountry "LAT"]
[SourceTitle "playchess.com"]
[Source "ChessBase"]
[SourceQuality "1"]
[TimeControl "40/5400+30:1800+30"]

1. e4 c5 2. Nf3 e6 3. d4 cxd4 4. Nxd4 Nc6 5. Nc3 Qc7 6. Be3 a6 7. Qd2 Nf6 8. f3 Ne5 9. O-O-O b5 10. Bd3 Bb7 11. Kb1 b4 12. Nce2 d5 13. exd5 Nxd5 14. Bf2 Nc4 15. Bxc4 Qxc4 16. Nb3 a5 17. Qe1 Be7 18. Ned4 O-O 19. h4 Bf6 20. Nd2 Qc7 21. Ne4 Bxd4 22. Bxd4 e5 23. Bf2 Rfc8 24. Nc5 a4 25. Qd2 Rd8 26. Nd3 a3 27. Nxb4 axb2 28. Nxd5 Bxd5 29. Qb4 Bxa2+ 30. Kxb2 Rdb8 0-1

[Event "EIWCC 2017"]
[Site "Riga"]
[Date "2017.04.13"]
[Round "3"]
[White "Otikova, Elina"]
[Black "Semenova, Elena"]
[Result "0-1"]
[ECO "C92"]
[WhiteElo "2049"]
[BlackElo "2212"]
[Annotator "NA"]
[PlyCount "64"]
[EventDate "2017.??.??"]
[EventType "swiss"]
[EventCountry "LAT"]
[SourceTitle "playchess.com"]
[Source "ChessBase"]
[SourceQuality "1"]
[TimeControl "40/5400+30:1800+30"]

1. e4 e5 2. Nf3 Nc6 3. Bb5 a6 4. Ba4 Nf6 5. O-O Be7 6. Re1 b5 7. Bb3 d6 8. c3 O-O 9. h3 Bb7 10. d4 Nd7 11. Nbd2 exd4 12. cxd4 Bf6 13. Nf1 Na5 14. Bc2 Re8 15. Ng3 g6 16. Bf4 c5 17. Rb1 cxd4 18. Nxd4 Rc8 19. Nde2 Nc4 20. Nd4 Qb6 21. Be3 Nxe3 22. fxe3 d5 23. Rf1 dxe4 24. Qg4 Bxd4 25. Qxd7 Bxe3+ 26. Kh1 Qc7 27. Rbd1 Qxd7 28. Rxd7 Rxc2 29. Rxb7 f5 30. Nxf5 gxf5 31. Rxf5 Rf8 32. g4 Rxf5 0-1

[Event "EIWCC 2017"]
[Site "Riga"]
[Date "2017.04.13"]
[Round "3"]
[White "Kouvatsou, Maria"]
[Black "Exler, Veronika"]
[Result "1/2-1/2"]
[ECO "C55"]
[WhiteElo "2016"]
[BlackElo "2208"]
[Annotator "NA"]
[PlyCount "63"]
[EventDate "2017.??.??"]
[EventType "swiss"]
[EventCountry "LAT"]
[SourceTitle "playchess.com"]
[Source "ChessBase"]
[SourceQuality "1"]
[TimeControl "40/5400+30:1800+30"]

1. e4 e5 2. Nf3 Nc6 3. Bc4 Nf6 4. d3 Be7 5. O-O O-O 6. Re1 d6 7. c3 Na5 8. Bb5 a6 9. Ba4 b5 10. Bc2 c5 11. Nbd2 Nc6 12. Nf1 Re8 13. h3 h6 14. Ng3 Be6 15. Nh2 d5 16. Qf3 d4 17. Nf5 $15 {[%emt 0:01:53] LiveBook: 4 Games} Bxf5 18. Qxf5 Qa5 19. Bd2 dxc3 20. bxc3 b4 21. cxb4 cxb4 22. Be3 Rad8 23. Ng4 Nxg4 24. Qxg4 Rd6 25. Bb3 Rxd3 26. Bd5 Nd4 27. Bxd4 Rxd4 28. Qf5 Bf6 29. Qd7 Re7 30. Qc8+ Kh7 31. Qf5+ Kg8 32. Qc8+ 1/2-1/2

[Event "EIWCC 2017"]
[Site "Riga"]
[Date "2017.04.13"]
[Round "3"]
[White "Chan, Naruna"]
[Black "Charochkina, Daria"]
[Result "0-1"]
[ECO "B22"]
[WhiteElo "1981"]
[BlackElo "2381"]
[Annotator "NA"]
[PlyCount "142"]
[EventDate "2017.??.??"]
[EventType "swiss"]
[EventCountry "LAT"]
[SourceTitle "playchess.com"]
[Source "ChessBase"]
[SourceQuality "1"]
[TimeControl "40/5400+30:1800+30"]

1. e4 c5 2. c3 d6 3. d4 Nf6 4. Bd3 Qc7 5. Nf3 Bg4 6. O-O Nc6 7. Na3 a6 8. Nc2 e6 9. Re1 Be7 10. h3 Bh5 11. Qe2 O-O $11 12. g4 Bg6 13. Nh4 Bxe4 14. Bxe4 Nxe4 15. Qxe4 d5 16. Qf4 Qxf4 17. Bxf4 Bxh4 18. dxc5 Be7 19. b4 Bf6 20. Re3 d4 21. cxd4 Nxd4 22. Rc1 Rfd8 23. Re4 Nb5 24. Be5 Bxe5 25. Rxe5 Nc3 26. Re3 Nd5 27. Rf3 g5 28. Kh2 Nf4 29. Ne1 Rd2 30. Rc2 Rad8 31. Rfc3 Rd1 32. Ng2 Nd5 33. Rb3 Rd4 34. b5 Nb4 35. Rcb2 a5 36. a3 Nd3 37. Rc2 a4 38. Rbc3 Ne5 39. c6 bxc6 40. bxc6 Rc8 41. Ne3 f6 42. Kg3 Kf8 43. Nc4 Rxc6 44. Nxe5 Rxc3+ 45. Rxc3 fxe5 46. Kf3 Ke7 47. Ke3 Kd6 48. Rc8 Kd5 49. Rg8 h6 50. Rg6 Rc4 51. Kd2 Rf4 52. Ke2 Re4+ 53. Kd2 Rd4+ 54. Ke2 Re4+ 55. Kd2 Kc4 56. Rxe6 Kb3 57. Rxh6 Kxa3 58. f3 Rf4 59. Ke3 Kb3 60. h4 gxh4 61. Rxh4 a3 62. Rh1 a2 63. g5 Rh4 64. Rg1 Rh2 65. g6 Rg2 66. Rxg2 a1=Q 67. g7 Qe1+ 68. Re2 Qg1+ 69. Ke4 Qxg7 70. f4 Qg6+ 71. Ke3 Qg3+ 0-1

[Event "EIWCC 2017"]
[Site "Riga"]
[Date "2017.04.14"]
[Round "4"]
[White "Gaponenko, Inna"]
[Black "Sedina, Elena"]
[Result "1-0"]
[ECO "C07"]
[WhiteElo "2416"]
[BlackElo "2253"]
[Annotator "NA"]
[PlyCount "103"]
[EventDate "2017.??.??"]
[EventType "swiss"]
[EventCountry "LAT"]
[SourceTitle "playchess.com"]
[Source "ChessBase"]
[SourceQuality "1"]
[TimeControl "40/5400+30:1800+30"]

1. e4 e6 2. d4 d5 3. Nd2 c5 4. Ngf3 Nf6 5. e5 Nfd7 6. c3 Nc6 7. Bd3 g6 8. h4 Qb6 9. h5 Rg8 10. hxg6 hxg6 11. Qa4 a6 12. a3 g5 13. g4 cxd4 14. cxd4 Qa7 15. Bh7 Rg7 16. Nf1 Be7 17. Be3 Nf8 18. Bd3 Bd7 19. Qd1 O-O-O 20. Ng3 Rg8 21. Nh5 Qb6 22. b4 Ng6 23. Nf6 Bxf6 24. exf6 Nf4 25. Rh7 Rdf8 26. Bf1 Qd8 27. Bxf4 gxf4 28. g5 e5 29. Qc1 Bf5 30. Rg7 Kb8 31. dxe5 Be4 32. Qxf4 Qc7 33. Be2 Rxg7 34. fxg7 Rg8 35. Rc1 Rxg7 36. Nd4 Rh7 37. Nxc6+ bxc6 38. Kd2 Kb7 39. f3 Bg6 40. Rc5 Rh8 41. Ra5 Ra8 42. Qf6 Qd7 43. f4 Qh3 44. Qe7+ Kb6 45. Qc5+ Kb7 46. Qe7+ Kb6 47. a4 Qb3 48. Rxa6+ Rxa6 49. a5+ Rxa5 50. bxa5+ Kxa5 51. Qc5+ Ka4 52. Bd1 1-0

[Event "EIWCC 2017"]
[Site "Riga"]
[Date "2017.04.14"]
[Round "4"]
[White "Vega Gutierrez, Sabrina"]
[Black "Komiagina, Maria"]
[Result "1-0"]
[ECO "B47"]
[WhiteElo "2413"]
[BlackElo "2247"]
[Annotator "NA"]
[PlyCount "59"]
[EventDate "2017.??.??"]
[EventType "swiss"]
[EventCountry "LAT"]
[SourceTitle "playchess.com"]
[Source "ChessBase"]
[SourceQuality "1"]
[TimeControl "40/5400+30:1800+30"]

1. e4 c5 2. Nf3 e6 3. d4 cxd4 4. Nxd4 Nc6 5. Nc3 Qc7 6. f4 a6 7. Be3 b5 8. Bd3 Bb7 9. Qf3 Nf6 10. g4 b4 11. Nce2 d5 12. e5 Ne4 13. Rf1 Be7 14. Ng3 Rc8 15. O-O-O b3 16. Nxb3 Nb4 17. Kb1 Nxg3 18. Qxg3 O-O 19. f5 f6 20. exf6 Qxg3 21. hxg3 Rxf6 22. g5 Rff8 23. fxe6 Nxd3 24. cxd3 a5 25. Nxa5 Ba6 26. Rxf8+ Bxf8 27. Nb3 Re8 28. Bc5 Rxe6 29. Bxf8 Kxf8 30. Nc5 1-0

[Event "EIWCC 2017"]
[Site "Riga"]
[Date "2017.04.14"]
[Round "4"]
[White "Melia, Salome"]
[Black "Fuchs, Judith"]
[Result "1/2-1/2"]
[ECO "B72"]
[WhiteElo "2400"]
[BlackElo "2274"]
[Annotator "NA"]
[PlyCount "143"]
[EventDate "2017.??.??"]
[EventType "swiss"]
[EventCountry "LAT"]
[SourceTitle "playchess.com"]
[Source "ChessBase"]
[SourceQuality "1"]
[TimeControl "40/5400+30:1800+30"]

1. e4 c5 2. Nf3 d6 3. d4 Nf6 4. Nc3 cxd4 5. Nxd4 g6 6. Be3 a6 7. f3 {[%emt 0:01:51] B72: Sicilian Dragon: 6 Be3, lines with h3+Bc4 and sidelines} b5 8. Qd2 Bb7 9. a4 (9. g4 h6 10. O-O-O Nbd7 11. h4 Rc8 12. Bd3 b4 13. Nce2 e5 14. Nb3 d5 15. exd5 Nxd5 {1-0 (33) Caruana,F (2817)-Shabalov,A (2556) Saint Louis 2017}) 9... e5 10. Nb3 b4 11. Nd5 Nxd5 12. exd5 Nd7 13. O-O-O Rb8 14. f4 Qc7 $146 (14... Be7 15. fxe5 Nxe5 {1-0 (35) Kravtsiv,M (2581)-Zhou,Y (2414) Livigno 2012}) 15. Qxb4 Bg7 16. Qa5 Qc8 17. Qc3 Qxc3 18. bxc3 O-O 19. Na5 exf4 20. Ba7 Bxc3 21. Bxb8 Rxb8 22. Nxb7 Rxb7 23. Bxa6 Rb4 24. Bb5 Nc5 25. Rdf1 Nxa4 26. Bxa4 Rxa4 27. Kd1 Rd4+ 28. Ke2 Rxd5 29. Rxf4 Rd2+ 30. Kf3 d5 31. Re1 Kg7 32. Re2 Rd1 33. Ra4 Bd4 34. g3 h5 35. h4 Rf1+ 36. Kg2 Rg1+ 37. Kh2 Rd1 38. Ra3 Bg1+ 39. Kg2 d4 40. Rf3 Be3 41. Rf1 Rxf1 42. Kxf1 Kf6 43. Kg2 Kf5 44. Kf3 Bc1 45. Re4 Bb2 46. Re7 Kf6 47. Rb7 Bc3 48. Ke4 Ke6 49. Rb6+ Ke7 50. Rc6 Bb2 51. Rc5 Ba1 52. Re5+ Kf6 53. Re8 Bb2 54. Kd5 Bc3 55. Re4 Bb2 56. Rxd4 Bxd4 57. Kxd4 Ke6 58. c4 f6 59. Kc5 g5 60. Kb6 Kd7 61. c5 gxh4 62. gxh4 Kc8 63. Kc6 f5 64. Kd5 Kc7 65. Ke5 Kc6 66. Kxf5 Kxc5 67. Kg5 Kd6 68. Kxh5 Ke7 69. Kg6 Kf8 70. h5 Kg8 71. h6 Kh8 72. h7 1/2-1/2

[Event "EIWCC 2017"]
[Site "Riga"]
[Date "2017.04.14"]
[Round "4"]
[White "Houska, Jovanka"]
[Black "Abdulla, Khayala"]
[Result "0-1"]
[ECO "D38"]
[WhiteElo "2397"]
[BlackElo "2241"]
[Annotator "NA"]
[PlyCount "127"]
[EventDate "2017.??.??"]
[EventType "swiss"]
[EventCountry "LAT"]
[SourceTitle "playchess.com"]
[Source "ChessBase"]
[SourceQuality "1"]
[TimeControl "40/5400+30:1800+30"]

1. d4 Nf6 2. Nf3 e6 3. c4 d5 4. Nc3 Bb4 5. cxd5 Nxd5 6. Bd2 O-O 7. e4 Nxc3 8. bxc3 Be7 9. Bc4 c5 10. O-O Nc6 11. Be3 b6 12. Qe2 Bb7 13. Rfd1 cxd4 14. cxd4 Na5 15. Bd3 Rc8 16. h3 Nc6 17. a3 Na5 18. Rdb1 Bd6 19. Bd2 Nc6 20. Ba6 Bxa6 21. Qxa6 Be7 22. Be3 Bf6 23. Ra2 Qd7 24. Qb5 Rfd8 25. Rc2 Qb7 26. Rbc1 a6 27. Qh5 Na5 28. Rxc8 Rxc8 29. Rxc8+ Qxc8 30. d5 Nc4 31. Bg5 Bb2 32. Bf4 g6 33. Qh4 exd5 34. exd5 Qd7 35. Qg5 Bxa3 36. h4 Be7 37. Qh6 Qxd5 38. Bc7 b5 39. h5 Qxh5 40. Qf4 Qd5 41. Ne5 Nxe5 42. Bxe5 b4 43. g4 b3 44. Bb2 f6 45. Bxf6 Qd1+ 46. Kh2 Bxf6 47. Qxf6 Qxg4 48. Qxa6 Qf4+ 49. Kg2 Qg4+ 50. Kh2 Qh5+ 51. Kg3 Qe5+ 52. f4 Qc3+ 53. Kg4 b2 54. Qa8+ Kf7 55. Qd5+ Ke7 56. Qe4+ Kd6 57. Kg5 Qc5+ 58. Kh6 Qc1 59. Qe5+ Kc6 60. Qe6+ Kc5 61. Qe5+ Kc4 62. Qe4+ Kc3 63. Qf3+ Kd4 64. Qf2+ {[%emt 0:02:21] Ke5} 0-1

[Event "EIWCC 2017"]
[Site "Riga"]
[Date "2017.04.14"]
[Round "4"]
[White "Bulmaga, Irina"]
[Black "Drljevic, Ljilja"]
[Result "1-0"]
[ECO "B06"]
[WhiteElo "2394"]
[BlackElo "2237"]
[Annotator "NA"]
[PlyCount "77"]
[EventDate "2017.??.??"]
[EventType "swiss"]
[EventCountry "LAT"]
[SourceTitle "playchess.com"]
[Source "ChessBase"]
[SourceQuality "1"]
[TimeControl "40/5400+30:1800+30"]

1. e4 g6 2. d4 Bg7 3. Nc3 d6 4. Be3 a6 5. Qd2 b5 6. f3 Nd7 7. O-O-O Bb7 8. h4 h6 9. Nh3 Rc8 10. d5 c5 11. dxc6 Rxc6 12. Bd4 e5 13. Be3 Ne7 14. g4 Nb6 15. a3 Qc8 16. Nf2 h5 17. Kb1 hxg4 18. fxg4 Rxc3 19. Bxb6 Rc6 20. Ba5 g5 21. Qxg5 Rxc2 22. Qxg7 Rg8 23. Qf6 Rxf2 24. Qxf2 Bxe4+ 25. Bd3 Bxh1 26. Rxh1 Qxg4 27. Qb6 f5 28. Qxd6 Qf3 29. Rf1 Qh3 30. Bb4 Rg7 31. Re1 e4 32. Bc2 Qxh4 33. Qb8+ Kf7 34. Bb3+ Kg6 35. Rg1+ Kh7 36. Rxg7+ Kxg7 37. Qe5+ Kf8 38. Bxe7+ Qxe7 39. Qh8# 1-0

[Event "EIWCC 2017"]
[Site "Riga"]
[Date "2017.04.14"]
[Round "4"]
[White "Ziaziulkina, Nastassia"]
[Black "Toma, Katarzyna"]
[Result "1/2-1/2"]
[ECO "C41"]
[WhiteElo "2387"]
[BlackElo "2229"]
[Annotator "NA"]
[PlyCount "92"]
[EventDate "2017.??.??"]
[EventType "swiss"]
[EventCountry "LAT"]
[SourceTitle "playchess.com"]
[Source "ChessBase"]
[SourceQuality "1"]
[TimeControl "40/5400+30:1800+30"]

1. e4 d6 2. d4 Nf6 3. Nc3 e5 4. Nf3 Nbd7 5. Bc4 Be7 6. O-O O-O 7. a4 a5 8. Re1 c6 9. h3 h6 10. Ba2 Qc7 11. Be3 Re8 12. Nd2 Nf8 13. Nc4 Ra6 14. Qf3 Ng6 15. Rad1 Bd7 16. dxe5 dxe5 17. Bb6 Rxb6 18. Nxb6 Qxb6 19. Rxd7 Nh4 20. Qd3 Nxd7 21. Qxd7 Kf8 22. Bb3 Rd8 23. Qg4 Qc7 24. g3 Ng6 25. Re3 Qd7 26. Qe2 Qxh3 27. Rf3 Bf6 28. Rf5 Rd4 29. Bc4 h5 30. Rxh5 Qd7 31. Bb3 b6 32. Qf3 Rd2 33. Rf5 Qd6 34. Qh5 Qd7 35. g4 Nf4 36. Qh8+ Ke7 37. g5 Qd4 38. gxf6+ Kd7 39. Qh4 g5 40. Qg3 Rd1+ 41. Kh2 Rd2 42. Nd1 Rxd1 43. Qe3 Rh1+ 44. Kxh1 Qd1+ 45. Kh2 Qh5+ 46. Kg1 Qd1+ 1/2-1/2

[Event "EIWCC 2017"]
[Site "Riga"]
[Date "2017.04.14"]
[Round "4"]
[White "Osmanodja, Filiz"]
[Black "Vidruska, Renate"]
[Result "1/2-1/2"]
[ECO "C42"]
[WhiteElo "2370"]
[BlackElo "2093"]
[Annotator "NA"]
[PlyCount "97"]
[EventDate "2017.??.??"]
[EventType "swiss"]
[EventCountry "LAT"]
[SourceTitle "playchess.com"]
[Source "ChessBase"]
[SourceQuality "1"]
[TimeControl "40/5400+30:1800+30"]

1. e4 e5 2. Nf3 Nf6 3. Nxe5 d6 4. Nf3 Nxe4 5. Nc3 Nxc3 6. dxc3 Be7 7. Be3 Nc6 8. Qd2 Be6 9. O-O-O Qd7 10. Kb1 a6 11. h4 h6 12. Nd4 Nxd4 13. Bxd4 O-O 14. f3 Qa4 15. b3 Qa5 16. g4 Rfe8 17. Kb2 c5 18. Be3 d5 19. Bd3 Bf8 20. h5 c4 21. Bf5 d4 22. Bxd4 cxb3 23. cxb3 Bxf5 24. gxf5 Qxf5 25. Rdg1 Kh7 26. Rh4 Qxf3 27. Rhg4 f6 28. R1g2 Rad8 29. R4g3 Qf5 30. Rf2 Qe4 31. Rd3 Qe1 32. Qc2 Kg8 33. Rg3 Qe4 34. Bxf6 Qxc2+ 35. Kxc2 Rd7 36. Rfg2 Rf7 37. Bd4 Re4 38. Rg6 Kh7 39. R6g4 Rxg4 40. Rxg4 Rf5 41. Rh4 g6 42. hxg6+ Kxg6 43. Be3 h5 44. Re4 Bd6 45. Re6+ Rf6 46. Re8 Rf8 47. Re6+ Rf6 48. Re8 Rf8 49. Re6+ 1/2-1/2

[Event "EIWCC 2017"]
[Site "Riga"]
[Date "2017.04.14"]
[Round "4"]
[White "Badelka, Olga"]
[Black "Gevorgyan, Maria"]
[Result "0-1"]
[ECO "E32"]
[WhiteElo "2362"]
[BlackElo "2227"]
[Annotator "NA"]
[PlyCount "86"]
[EventDate "2017.??.??"]
[EventType "swiss"]
[EventCountry "LAT"]
[SourceTitle "playchess.com"]
[Source "ChessBase"]
[SourceQuality "1"]
[TimeControl "40/5400+30:1800+30"]

1. c4 Nf6 2. d4 e6 3. Nc3 Bb4 4. Qc2 O-O 5. a3 Bxc3+ 6. Qxc3 b6 7. Bg5 Bb7 8. e3 d6 9. Ne2 Nbd7 10. Qc2 c5 11. Rd1 Qc7 12. Nc3 a6 13. Be2 h6 14. Bh4 cxd4 15. Rxd4 Bxg2 16. Rg1 Bb7 17. Qd1 d5 18. Bg3 Qc8 19. cxd5 exd5 20. Rh4 Kh8 21. Bf4 Nh7 22. Qd4 f6 23. Bd3 Qc5 24. Qa4 Rf7 25. Bg6 Re7 26. Bxh7 Kxh7 27. Qc2+ Re4 28. f3 Ne5 29. fxe4 Nf3+ 30. Kf2 Nxh4 31. exd5+ g6 32. Qd3 Rd8 33. b4 Qc8 34. e4 g5 35. Bg3 Ng6 36. Kg2 h5 37. Kh1 h4 38. Be1 Qc7 39. Ne2 Ne5 40. Qc3 Qf7 41. Rxg5 fxg5 42. Qxe5 Qf3+ 43. Kg1 Rf8 0-1

[Event "EIWCC 2017"]
[Site "Riga"]
[Date "2017.04.14"]
[Round "4"]
[White "Mammadova, Gulnar"]
[Black "Semenova, Elena"]
[Result "1/2-1/2"]
[ECO "B40"]
[WhiteElo "2357"]
[BlackElo "2212"]
[Annotator "NA"]
[PlyCount "88"]
[EventDate "2017.??.??"]
[EventType "swiss"]
[EventCountry "LAT"]
[SourceTitle "playchess.com"]
[Source "ChessBase"]
[SourceQuality "1"]
[TimeControl "40/5400+30:1800+30"]

1. e4 c5 2. Nf3 e6 3. b3 b6 4. Bb2 Bb7 5. Qe2 Nc6 6. g3 d5 7. e5 Nh6 8. Bg2 Nf5 9. O-O Be7 10. d3 h5 11. Bh3 d4 12. Nbd2 g5 13. Bg2 g4 14. Ne1 Qc7 15. a4 O-O-O 16. Nc4 h4 17. Bc1 Nb4 18. Qxg4 Bxg2 19. Kxg2 Nd5 20. Bd2 Rdg8 21. Qe4 hxg3 22. fxg3 Rh4 23. Qe2 Rhg4 24. Kf2 Bg5 25. Bxg5 R4xg5 26. Nf3 R5g7 27. Ke1 a6 28. Kd2 b5 29. axb5 axb5 30. Nd6+ Nxd6 31. exd6 Qxd6 32. Qe5 Qxe5 33. Nxe5 f6 34. Nf3 Kb7 35. Ra5 Kb6 36. Rfa1 Nb4 37. Ra8 e5 38. Nh4 Kc6 39. Rxg8 Rxg8 40. Nf5 Rh8 41. h4 Kd5 42. g4 e4 43. dxe4+ Kxe4 44. Rf1 Ke5 1/2-1/2

[Event "EIWCC 2017"]
[Site "Riga"]
[Date "2017.04.14"]
[Round "4"]
[White "Gara, Anita"]
[Black "Calzetta Ruiz, Monica"]
[Result "1-0"]
[ECO "B36"]
[WhiteElo "2354"]
[BlackElo "2257"]
[Annotator "NA"]
[PlyCount "71"]
[EventDate "2017.??.??"]
[EventType "swiss"]
[EventCountry "LAT"]
[SourceTitle "playchess.com"]
[Source "ChessBase"]
[SourceQuality "1"]
[TimeControl "40/5400+30:1800+30"]

1. e4 c5 2. Nf3 Nc6 3. d4 cxd4 4. Nxd4 g6 5. c4 Nf6 6. Nc3 d6 7. Be2 Bg7 8. Be3 O-O 9. Qd2 Bd7 10. f3 Nxd4 11. Bxd4 a5 12. O-O Bc6 13. b3 Nd7 14. Be3 Nc5 15. Rac1 e6 16. Nb5 Be5 17. g3 f5 18. Rcd1 fxe4 19. f4 Bg7 20. Qxd6 Nd3 21. Qxe6+ Kh8 22. Nd6 Rf6 23. Bxd3 Qf8 24. Qg4 Rxd6 25. Bc2 Rxd1 26. Rxd1 Qb4 27. Qe2 Qa3 28. Qd2 Qxa2 29. Bd4 Re8 30. Bxg7+ Kxg7 31. Qc3+ Kg8 32. Ra1 Qxa1+ 33. Qxa1 e3 34. Kf1 e2+ 35. Ke1 Bf3 36. Qxa5 1-0

[Event "EIWCC 2017"]
[Site "Riga"]
[Date "2017.04.14"]
[Round "4"]
[White "Milliet, Sophie"]
[Black "Isgandarova, Khayala"]
[Result "1/2-1/2"]
[ECO "C11"]
[WhiteElo "2352"]
[BlackElo "2211"]
[Annotator "NA"]
[PlyCount "46"]
[EventDate "2017.??.??"]
[EventType "swiss"]
[EventCountry "LAT"]
[SourceTitle "playchess.com"]
[Source "ChessBase"]
[SourceQuality "1"]
[TimeControl "40/5400+30:1800+30"]

1. e4 e6 2. d4 d5 3. Nc3 Nf6 4. e5 Nfd7 5. f4 c5 6. Nf3 Nc6 7. Be3 Be7 8. Qd2 O-O 9. dxc5 Nxc5 10. O-O-O a6 11. h4 b6 12. h5 f5 13. exf6 Bxf6 14. Nd4 Nxd4 15. Bxd4 Bb7 16. h6 Bxd4 17. Qxd4 Qf6 18. Kb1 Qxd4 19. Rxd4 gxh6 20. Be2 Ne4 21. Nxe4 Rxf4 22. Rxh6 Raf8 23. b3 dxe4 1/2-1/2